 Dungeon Crawl Stone Soup version 0.32-a0-12-g7fc57aa741 (console) character file.

Game seed: 11439591748094513770

1 petzl the Sneak (level 1, -1/14 (18) HPs)
             Began as a Formicid Delver on Jan 14, 2024.
             Slain by a ribbon worm (4 damage)
             ... on level 3 of the Dungeon.
             The game lasted 00:00:46 (62 turns).

petzl the Sneak (Formicid Delver)                     Turns: 62, Time: 00:00:47

HP:   -1/14 (18)    AC:  3    Str: 16    XL:     1   Next: 22%
MP:   1/1           EV: 12    Int:  9    God:
Gold: 0             SH:  0    Dex: 15    Spells: 0/0 levels left

rFire   . . .        a - +0 mace
rCold   . . .        (no shield)
rNeg    + . .        b - +0 leather armour
rPois   .            (helmet unavailable)
rElec   .            (no cloak)
rCorr   .            (no gloves)
SInv    +            (no boots)
Will    .....        (no amulet)
Stlth   +++          i - ring of positive energy
HPRegen 0.22/turn    (no ring)
MPRegen 0.07/turn

%: no passive effects
@: heavily drained
A: permanent stasis, dig shafts and tunnels, antennae 3, four strong arms
a: Dig, Shaft Self


You were on level 3 of the Dungeon.
You visited 1 branch of the dungeon, and saw 3 of its levels.

Inventory:

Hand Weapons
 a - a +0 mace (weapon)
Armour
 b - a +0 leather armour (worn)
Jewellery
 i - a ring of positive energy (left hand)
Wands
 f - a wand of digging (3)
Scrolls
 c - a scroll of fog
 d - a scroll of revelation
 e - a scroll of fear
 g - a scroll of identify {unknown}
 h - a scroll of enchant weapon {unknown}


   Skills:
 - Level 3.2 Fighting
 - Level 2.0 Maces & Flails
 - Level 1.7 Dodging
 - Level 6.0 Stealth
 + Level 0.4 Spellcasting


You couldn't memorise any spells.
You didn't know any spells.
Your spell library was empty.

Dungeon Overview and Level Annotations

Branches:
Dungeon (5/15)
 Temple: D:4-7

Altars:

Annotations:
D:4 exclusions: orc and sensed monster (detected)


Innate Abilities, Weirdness & Mutations

You cannot be hasted, slowed, berserked, paralysed or teleported.
You can dig through walls and to a lower floor.
You have a pair of large antennae on your head. (SInv)
Your four strong arms can wield two-handed weapons with a shield.


Message History

You barely miss the ribbon worm.
The ribbon worm bites you but does no damage.
You barely miss the ribbon worm.
The ribbon worm expels a string of sticky webbing.
The stream of webbing hits you but does no damage.
You are caught in a web!
The web tears apart.
The ribbon worm bites you.
You sock the ribbon worm!
The ribbon worm is moderately wounded.
The ribbon worm closely misses you.
You hit the ribbon worm but do no damage.
The ribbon worm is moderately wounded.
The ribbon worm expels a string of sticky webbing.
The stream of webbing hits you but does no damage.
You are caught in a web!
You struggle to detach yourself from the web.
The ribbon worm bites you.
The web tears apart.
You hit the ribbon worm.
The ribbon worm is heavily wounded.
The ribbon worm bites you!
Ouch! That really hurt!
* * * LOW HITPOINT WARNING * * *
The ribbon worm barely misses you.
You hit the ribbon worm.
The ribbon worm is severely wounded.
The ribbon worm expels a string of sticky webbing.
The stream of webbing hits you but does no damage.
You are caught in a web!
Unknown command.
Unknown command.
Unknown command.
The web tears apart.
You hit the ribbon worm but do no damage.
The ribbon worm is heavily wounded.
The ribbon worm bites you but does no damage.
You barely miss the ribbon worm.
The ribbon worm is heavily wounded.
The ribbon worm bites you.
You die...

.... #.......#
.r....#.....!.#
......$#.......#
.......#.......#
...............#
...............##
...............#
.......#.......#
#..........#
##..##.....##
##...##......#
###....#.......#
................#
###.g..##.......#
#.##.###w.....#
... #.#........#
... .....#.####.#
.##........# #w##
........# ##@#
........# ###
........#
####...## ....


You could see a ribbon worm (catching breath).

Vanquished Creatures
  A giant cockroach (D:3)
1 creature vanquished.

Notes
Turn   | Place    | Note
-------+----------+-------------------------------------------
     0 | D:5      | petzl the Formicid Delver began the quest for the Orb.
     0 | D:5      | Reached XP level 1. HP: 18/18 MP: 1/1
    62 | D:3      | Slain by a ribbon worm

Illustrated notes

Levels and vault maps discovered:
D:3:      layout_rooms, mainiacjoe_overflow_surrounded_room, serial_shops, shop,
          nicolae_elevator_lobby_plus
D:4:      layout_loops_ring, nicolae_wu_jian_immortal_techniques,
          mainiacjoe_overflow_six_doors_small, serial_shops, shop
D:5:      layout_rooms, gammafunk_ghost_smash, serial_shops,
          nicolae_shop_waterfront, dk_noncrumbling_2,
          chequers_serial_rivers_marsh, amcnicky_altar_lugonu_corruption

Action                     || total
---------------------------++-------
  Melee: Mace              ||    12
Ability: Dig               ||     2
 Armour: Leather armour    ||     8
  Dodge: Dodged            ||     7

Table legend: (Time is in decaauts)
 A = Elapsed time spent in this place.
 B = Non-inter-level travel time spent in this place.
 C = Inter-level travel time spent in this place.
 D = Time resting spent in this place.
 E = Time spent auto-exploring this place.
 F = Levels seen in this place.
 G = Mean time per level.
                   A        B        C        D        E       F      G
               +--------+--------+--------+--------+--------+-----+--------+
         Total |     64 |     64 |      0 |      0 |      0 |   3 |   21.3 |
       Dungeon |     64 |     64 |      0 |      0 |      0 |   3 |   21.3 |
               +--------+--------+--------+--------+--------+-----+--------+

Top non-repeatable levels by time:
     D:3: 34 daAuts
     D:5: 18 daAuts
     D:4: 12 daAuts
